 Dungeon Crawl Stone Soup version 0.19-a0-1731-g1e0734d (webtiles) character file.

60 Psiweapon the Cutter (level 4, -3/28 HPs)
             Began as a Kobold Fighter on Sept 30, 2016.
             Killed by divine providence
             ... invoked by an orc priest
              (16 damage)
             ... on level 4 of the Dungeon.
             The game lasted 00:05:37 (1890 turns).

Psiweapon the Cutter (Kobold Fighter)               Turns: 1890, Time: 00:05:38

Health: -3/28      AC:  7    Str: 13    XL:     4   Next: 24%
Magic:  4/4        EV:  8    Int:  9    God:
Gold:   150        SH:  8    Dex: 15    Spells: 0 memorised, 3 levels left

rFire  . . .     SeeInvis .     b - +0 hunting sling
rCold  . . .     Gourm    .     p - +0 scale mail
rNeg   . . .     Faith    .     c - +0 shield
rPois  .         Spirit   .     (no helmet)
rElec  .         Dismiss  .     (no cloak)
rCorr  .         Reflect  .     k - +0 pair of gloves
MR     .....     Harm     .     (no boots)
Stlth  +.........               (no amulet)
                                (no ring)
                                (no ring)

@: no status effects
A: carnivore 3
a: no special abilities


You were on level 4 of the Dungeon.
You were very full.

You visited 1 branch of the dungeon, and saw 4 of its levels.

You collected 150 gold pieces.

Inventory:

Hand Weapons
 a - a +0 rapier
 b - a +0 hunting sling (weapon)
 e - a +0 whip
Missiles
 j - a throwing net
 o - 23 poisoned needles
 q - 30 stones (quivered)
Armour
 c - a +0 shield (worn)
 k - a +0 pair of gloves (worn)
 p - a +0 scale mail (worn)
Scrolls
 l - a scroll of enchant armour {unknown}
 s - a scroll of remove curse {unknown}
Potions
 d - a potion of might
 g - a potion of degeneration {unknown}
 m - a potion of curing {unknown}
Books
 h - a book of Minor Magic

   Spells                             Type                      Level
   a - Magic Dart                     Conjuration                  1
   b - Blink                          Translocation                2
   c - Call Imp                       Summoning                    2
   d - Repel Missiles                 Charms/Air                   2
   e - Slow                           Hexes                        2
   f - Conjure Flame                  Conjuration/Fire             3
   g - Mephitic Cloud                 Conjuration/Poison/Air       3
Comestibles
 f - 3 meat rations
 i - a beef jerky
 n - 2 slices of pizza
 r - 6 chunks of flesh


   Skills:
 - Level 3.2 Fighting
 + Level 4.0 Short Blades
 - Level 2.4 Armour
 + Level 3.9 Stealth
 - Level 2.4 Shields


You had 3 spell levels left.
You didn't know any spells.

Dungeon Overview and Level Annotations

Branches:
Dungeon (4/15)
 Temple: D:4-7

Altars:
Nemelex Xobeh


Innate Abilities, Weirdness & Mutations

You are small and have problems with some larger weapons.
You are carnivorous and can eat meat at any time.


Message History

q - 30 stones (gained 1)
There is a stone staircase leading down here.
You climb downwards.
You hear the hiss of flowing sand.
There is an entrance to an ossuary on this level.
Hurry and find it before the portal is buried!
There is a stone staircase leading up here.
Found 5 gold pieces.
As you read the scroll labeled MIGORUROAPN, it crumbles to dust.
You feel aware of your surroundings.
You sensed 1 altar, and 2 shops/portals.
It was a scroll of magic mapping.
An orc and an orc priest come into view.
The orc priest mumbles some strange prayers to Beogh against you.
Beogh smites you!
Ouch! That really hurt!
An orc and an orc wizard come into view.
The orc priest invokes the aid of Beogh against you.
Beogh smites you!
Ouch! That really hurt!
You die...

,**#####* *...........,,,,,***
,,*#....##* *#..........,,,,,**,
,,,....$..## #..o.......,,,,*,,,
**,........# #..........,,,,,,,,
**,........## *#.........,,,,,,,,
*,,.........# #.........,,,,,,,,
,,,.........# ##........,,,,,,,,
,,,.........####.........,,,,**,,
,,,.............@........,*****,,
,,,.........##..<.......#** *,,
*,,.......####..........#**** *,,
*,,.....##* #...#####...,,,***,,
***..###* #..## *###*,,,,,,, *#**
#### ********


You could see an orc priest.

Vanquished Creatures
  An adder (D:2)
  An ooze (D:1)
  2 worms (D:3)
  A dart slug (D:1)
  2 leopard geckos
  3 bats (D:1)
  2 giant cockroaches (D:1)
  7 goblins
  6 hobgoblins
  2 frilled lizards (D:2)
  3 kobolds (D:1)
  7 rats
37 creatures vanquished.

Notes
Turn   | Place    | Note
-------+----------+-------------------------------------------
     0 | D:1      | Psiweapon the Kobold Fighter began the quest for the Orb.
     0 | D:1      | Reached XP level 1. HP: 14/14 MP: 1/1
    98 | D:2      | Reached skill level 1 in Stealth
   108 | D:3      | Noticed an orc wizard
   165 | D:1      | Reached skill level 3 in Short Blades
   165 | D:1      | Reached XP level 2. HP: 19/19 MP: 2/2
   547 | D:1      | Reached XP level 3. HP: 23/23 MP: 3/3
  1762 | D:2      | Reached XP level 4. HP: 28/28 MP: 4/4
  1791 | D:2      | Reached skill level 4 in Short Blades
  1798 | D:2      | Found a sparkling altar of Nemelex Xobeh.
  1890 | D:4      | Killed from afar by an orc priest

Vault maps used:
D:1:      minmay_arrival_solitary_statue
D:2:      marbit_many_paths, yredelemnul_altar_generic,
          nemelex_xobeh_ov_fountains_minmay, first_bread
D:3:      lemuel_crystal_altar, grunt_decor_one_mirror
D:4:      kennysheep_mini_moat, chequers_ossuary_entry_cave

Skill      XL: |  1  2  3  4 |
---------------+-------------+-----
Stealth        | 1 2 3 |  3.9
Short Blades   | 3 4 |  4.0
Fighting       | |  3.2
Armour         | |  2.4
Shields        | |  2.4

Action                   |  1- 3 |  4- 6 || total
-------------------------+-------+-------++-------
Melee: Rapier            |   130 |    15 ||   145
 Fire: Hunting sling     |     7 |     9 ||    16
  Use: Scroll            |       |     1 ||     1
  Eat: Chunk             |    11 |       ||    11
Armor: Scale mail        |    33 |     3 ||    36
Dodge: Dodged            |    50 |     3 ||    53
Block: Shield            |    57 |     6 ||    63
